 Dungeon Crawl Stone Soup version 0.20.1-1-g8b1a95d (webtiles) character file.

571 Gremour the Slasher (level 7, -1/52 HPs)
             Began as a Demonspawn Fighter on Dec 10, 2017.
             Was a Believer of Yredelemnul.
             Slain by a gnoll
             ... wielding a +0 halberd
              (10 damage)
             ... on level 4 of the Dungeon.
             The game lasted 00:13:26 (3489 turns).

Gremour the Slasher (Demonspawn Fighter)            Turns: 3489, Time: 00:13:27

Health: -1/52      AC:  6    Str: 17    XL:     7   Next: 11%
Magic:  6/8        EV:  8    Int:  9    God:    Yredelemnul [**....]
Gold:   180        SH:  9    Dex: 14    Spells: 6/6 levels left

rFire    . . .     SeeInvis .   a - +0 long sword
rCold    . . .     Gourm    .   c - +0 shield
rNeg     . . .     Faith    .   b - +0 scale mail
rPois    .         Spirit   .   (no helmet)
rElec    .         Reflect  .   (no cloak)
rCorr    .         Harm     .   (no gloves)
MR       .....                  (no boots)
Stlth    ..........             (no amulet)
Regen    0.2/turn               (no ring)
MPRegen  0.2/turn               (no ring)

@: no status effects
A: repulsion field 1, rot immunity
a: Animate Remains, Recall Undead Slaves, Injury Mirror, Renounce Religion


You were on level 4 of the Dungeon.
You worshipped Yredelemnul.
Yredelemnul was pleased with you.
You were not hungry.

You visited 1 branch of the dungeon, and saw 4 of its levels.

You collected 180 gold pieces.

Inventory:

Hand Weapons
 a - a +0 long sword (weapon)
Armour
 b - a +0 scale mail (worn)
 c - a +0 shield (worn)
Jewellery
 j - an uncursed ring of see invisible {unknown}
Scrolls
 g - a scroll of blinking
 i - 2 scrolls of identify
Potions
 e - a potion of invisibility
 p - a potion of brilliance
Comestibles
 f - 3 bread rations
 h - 2 meat rations
 k - a royal jelly


   Skills:
 - Level 3.0 Fighting
 + Level 7.1 Long Blades
 - Level 2.6 Armour
 - Level 2.6 Shields
 + Level 1.3 Invocations


You had 6 spell levels left.
You didn't know any spells.

Dungeon Overview and Level Annotations

Branches:
Dungeon (4/15)
 Temple: D:4-7

Altars:
Dithmenos
Nemelex Xobeh
Qazlal
Yredelemnul
The Shining One


Innate Abilities, Weirdness & Mutations

You are surrounded by a mild repulsion field. (EV +2)
You are immune to rotting.


Message History

Yredelemnul accepts your kill. The gnoll barely misses you.
You block the gnoll's attack.
You hit the gnoll.
The gnoll is lightly wounded.
The gnoll barely misses you. You block the gnoll's attack. The gnoll hits you.
Your shield and scale mail prevent you from hitting the gnoll.
The gnoll is lightly wounded.
You block the gnoll's attack. The gnoll hits you with a halberd.
You block the gnoll's attack. The gnoll hits you but does no damage.
You hit the gnoll.
The gnoll is moderately wounded.
You block the gnoll's attack. The gnoll hits you but does no damage.
The gnoll hits you from afar with a spear.
* * * LOW HITPOINT WARNING * * *
You attempt to give life to the dead...
The dead are walking!
You feel somewhat more hungry. The gnoll hits you.
* * * LOW HITPOINT WARNING * * *
The gnoll hits you with a halberd!
You die...
Your body rises from the dead as a mindless zombie.

...........##+#####
............<.....#
...########)(.....#
... #.......# ..
#.......+ #.......#
#.......# #.......#
#...@...# +...ggZ.#
#...g...# #.......#
#.......# ........#
......!..#
...#+####..


You could see 3 gnolls and a friendly gnoll zombie.

Vanquished Creatures
  The ghost of Frank the Skirmisher, an amateur OpFi (D:3)
  An ogre (D:3)
  2 orc priests (D:3)
  4 adders
  19 gnolls
  An ooze (D:2)
  2 worms (D:2)
  2 dart slugs
  A leopard gecko (D:2)
  4 orcs (D:3)
  3 bats
  3 giant cockroaches
  9 goblins
  3 hobgoblins
  15 jackals
  5 kobolds
  A quokka (D:3)
  A ball python (D:3)
  5 frilled lizards
  6 rats
88 creatures vanquished.

Vanquished Creatures (collateral kills)
  A gnoll (D:3)
  A jackal (D:3)
2 creatures vanquished.

Vanquished Creatures (others)
  A gnoll zombie (D:3)
  2 jackal zombies (D:3)
3 creatures vanquished.

Grand Total: 93 creatures vanquished

Notes
Turn   | Place    | Note
-------+----------+-------------------------------------------
     0 | D:1      | Gremour the Demonspawn Fighter began the quest for the Orb.
     0 | D:1      | Reached XP level 1. HP: 18/18 MP: 1/1
    40 | D:1      | Reached skill level 2 in Long Blades
   240 | D:1      | Gained mutation: You are surrounded by a mild repulsion field. (EV +2) [demonic ancestry]
   240 | D:1      | Reached XP level 2. HP: 24/24 MP: 2/2
   748 | D:2      | Found a shadowy altar of Dithmenos.
   750 | D:2      | Found a sparkling altar of Nemelex Xobeh.
   750 | D:2      | Found a stormy altar of Qazlal.
   753 | D:2      | Found a glowing golden altar of the Shining One.
   758 | D:2      | Reached skill level 3 in Long Blades
   758 | D:2      | Gained mutation: You are immune to rotting. [demonic ancestry]
   758 | D:2      | Reached XP level 3. HP: 27/29 MP: 3/3
  1742 | D:2      | Found a basalt altar of Yredelemnul.
  1751 | D:2      | Became a worshipper of Yredelemnul the Dark
  1903 | D:3      | Reached skill level 4 in Long Blades
  1903 | D:3      | Reached XP level 4. HP: 27/35 MP: 4/4
  2076 | D:3      | Reached XP level 5. HP: 7/41 MP: 5/5
  2533 | D:3      | Reached skill level 5 in Long Blades
  2619 | D:3      | Reached * piety under Yredelemnul
  2791 | D:3      | Noticed Frank's ghost (amateur OpFi)
  2811 | D:3      | Killed Frank's ghost
  2811 | D:3      | Reached XP level 6. HP: 21/47 MP: 2/6
  2852 | D:3      | Reached skill level 6 in Long Blades
  3023 | D:3      | Reached skill level 1 in Invocations
  3323 | D:3      | Reached XP level 7. HP: 47/52 MP: 3/7
  3330 | D:3      | Reached ** piety under Yredelemnul
  3331 | D:3      | Reached skill level 7 in Long Blades
  3489 | D:4      | Slain by a gnoll

Skill      XL: |  1  2  3  4  5  6  7 |
---------------+----------------------+-----
Long Blades    | 2 3 4 5 6 7 |  7.1
Invocations    | 1 |  1.3
Fighting       | |  3.0
Armour         | |  2.6
Shields        | |  2.6

Action                   |  1- 3 |  4- 6 |  7- 9 || total
-------------------------+-------+-------+-------++-------
Melee: Long sword        |   133 |   163 |    24 ||   320
Invok: Animate Remains   |       |     5 |     2 ||     7
  Use: Scroll            |     8 |     4 |     1 ||    13
       Potion            |       |     7 |     1 ||     8
 Stab: Invisible         |       |     9 |     1 ||    10
  Eat: Chunk             |     3 |     4 |     1 ||     8
       Royal jelly       |       |     1 |       ||     1
       Fruit             |       |     1 |       ||     1
Armor: Scale mail        |    52 |    72 |     7 ||   131
Dodge: Dodged            |    44 |    64 |    18 ||   126
Block: Shield            |    60 |    97 |    17 ||   174
       Rpst.: Long sword |    14 |    18 |     2 ||    34
